 Dungeon Crawl Stone Soup version 0.19.0-2-gae57169 (webtiles) character file.

909 Pepeogr the Grappler (level 8, -1/59 HPs)
             Began as a Ghoul Monk on Nov 6, 2016.
             Was a Believer of Hepliaklqana.
             Slain by an orc
             ... wielding a cursed +0 flail
              (5 damage)
             ... on level 5 of the Dungeon.
             The game lasted 00:28:41 (4591 turns).

Pepeogr the Grappler (Ghoul Monk)                   Turns: 4591, Time: 00:28:42

Health: -1/59      AC:  3    Str: 17    XL:     8   Next: 8%
Magic:  7/7        EV: 13    Int:  5    God:    Hepliaklqana [**....]
Gold:   152        SH:  0    Dex: 11    Spells: 0 memorised, 7 levels left

rFire  . . .     SeeInvis .       - Unarmed
rCold  + . .     Gourm    .     a - +0 robe
rNeg   + + +     Faith    .     (no shield)
rPois  ∞         Spirit   .     (no helmet)
rElec  .         Reflect  .     (no cloak)
rCorr  .         Harm     .     k - +0 pair of gloves
MR     +....                    (no boots)
Stlth  ++........               (no amulet)
                                (no ring)
                                e - ring of protection from magic

@: rotting
A: rotting body, reduced essence, claws 1, carnivore 3, cold resistance 1,
negative energy resistance 3, slow regeneration 1, torment resistance,
unbreathing
a: Ancestor Life: Knight, Ancestor Life: Battlemage, Ancestor Life: Hexer,
Recall Ancestor, Ancestor Identity, Renounce Religion


You were on level 5 of the Dungeon.
You worshipped Hepliaklqana.
Hepliaklqana was pleased with you.
You were not hungry.

You visited 2 branches of the dungeon, and saw 6 of its levels.

You collected 152 gold pieces.

Inventory:

Hand Weapons
 c - a +0 short sword
 n - a +2 flail of protection
 p - a cursed +0 falchion
 s - a +2 vampiric scythe
Armour
 a - a +0 robe (worn)
 g - a +0 robe
 k - a +0 pair of gloves (worn)
Jewellery
 e - a ring of protection from magic (left hand)
 i - an uncursed amulet of inaccuracy
 l - an uncursed ring of ice
 o - an uncursed ring of magical power
Wands
 j - a wand of paralysis (0/24)
 r - a wand of lightning (0/15)
Scrolls
 f - a scroll of teleportation
 h - 6 scrolls of identify
 m - a scroll of amnesia
 q - a scroll of remove curse
Comestibles
 b - 4 meat rations
 d - a beef jerky


   Skills:
 + Level 4.1 Fighting
 + Level 4.1 Dodging
 - Level 2.1 Stealth
 * Level 9.2 Unarmed Combat
 + Level 0.6 Evocations


You had 7 spell levels left.
You didn't know any spells.

Dungeon Overview and Level Annotations

Branches:
Dungeon (5/15)             Temple (1/1) D:4

Altars:
Ashenzari
Cheibriados
Dithmenos
Elyvilon
Fedhas
Gozag
Hepliaklqana
Kikubaaqudgha
Makhleb
Nemelex Xobeh
Okawaru
Qazlal
Ru
Sif Muna
Trog
Uskayaw
Vehumet
Xom
Yredelemnul
Zin
The Shining One

Annotations:
D:3 Fv001's ghost, amateur DDNe


Innate Abilities, Weirdness & Mutations

Your body is rotting away.
You thrive on raw meat.
You are immune to poison.
You have sharp fingernails.
You are carnivorous and can eat meat at any time.
Your flesh is cold resistant. (rC+)
You are immune to negative energy. (rN+++)
You regenerate slowly when monsters are visible.
You are immune to unholy pain and torment.
You can survive without breathing.
Your life essence is reduced. (-10% HP)


Message History

The orc wizard hits you with a dagger.
* * * LOW HITPOINT WARNING * * *
The orc closely misses you.
Takurtum closely misses the orc wizard.
You hit the orc wizard but do no damage.
The orc wizard is almost dead.
The orc wizard hits you with a dagger.
* * * LOW HITPOINT WARNING * * *
You hit the orc wizard.
You kill the orc wizard!
The orc barely misses you.
You hit the orc. Your punch misses the orc.
The orc is moderately wounded.
Takurtum completely misses the orc.
The orc closely misses you.
You hit the orc.
The orc is severely wounded.
Takurtum hits the orc.
You hit the orc but do no damage.
The orc is severely wounded.
The orc hits you with a flail.
You die...

#. +....##.### #.....
.#..###+....##.#.. #.....
.............#.#.####.##...<.
....##.<.....#.#.......###..#
. #........#.#..#### #..#
#...#....#.[.....#####..#
..........)((.............
.........)...##.#.........#
...##.#.#..o@.............#.#
### #.#.#.#R)#..............#
#.#.#.#..#...............
#.#..#...............
...#..............#
....#.#............+
#.#..#.##.####.....## #.#..)
#..... # #....$ #


You could see the friendly Takurtum the ancestor and an orc.

Vanquished Creatures
  Edmund (D:4)
  A phantom (D:5)
  An ogre (D:5)
  A crimson imp (D:4)
  An orc priest (D:3)
  A worker ant (D:5)
  An orc wizard (D:5)
  A howler monkey skeleton (D:5)
  8 adders
  An ooze (D:2)
  An adder skeleton (D:3)
  3 worms (D:2)
  2 dart slugs (D:1)
  5 leopard geckos
  4 orcs
  3 giant cockroaches
  9 goblins
  7 hobgoblins
  4 jackals (D:4)
  3 kobolds
  A quokka (D:2)
  10 bats
  6 frilled lizards
  A leopard gecko skeleton (D:3)
  A quokka skeleton (D:4)
  5 rats
82 creatures vanquished.

Vanquished Creatures (collateral kills)
  Sigmund (D:5)
  Menkaure (D:5)
  An orc wizard (D:3)
  An adder (D:5)
  A dart slug (D:3)
  2 orcs (D:3)
  A bat (D:3)
  A quokka (D:3)
9 creatures vanquished.

Grand Total: 91 creatures vanquished

Notes
Turn   | Place    | Note
-------+----------+-------------------------------------------
     0 | D:1      | Pepeogr the Ghoul Monk began the quest for the Orb.
     0 | D:1      | Reached XP level 1. HP: 19/19 MP: 0/0
   164 | D:1      | Reached XP level 2. HP: 14/26 MP: 1/1
   809 | D:1      | Reached XP level 3. HP: 32/32 MP: 2/2
   907 | D:1      | You fall through a shaft!
   924 | D:2      | Reached skill level 4 in Unarmed Combat
  1164 | D:2      | Found a blossoming altar of Fedhas.
  1278 | D:2      | Reached XP level 4. HP: 35/40 MP: 3/3
  2014 | D:3      | Reached skill level 5 in Unarmed Combat
  2099 | D:3      | Noticed Fv001's ghost (amateur DDNe)
  2633 | D:4      | Noticed Edmund
  2681 | D:4      | Reached XP level 5. HP: 5/44 MP: 4/4
  3018 | D:4      | Found a staircase to the Ecumenical Temple.
  3124 | D:4      | Killed Edmund
  3124 | D:4      | Reached skill level 6 in Unarmed Combat
  3124 | D:4      | Reached XP level 6. HP: 21/50 MP: 5/5
  3141 | Temple   | Entered the Ecumenical Temple
  3170 | Temple   | Became a worshipper of Hepliaklqana the Forgotten
  3170 | Temple   | Reached * piety under Hepliaklqana
  3170 | Temple   | Reached ** piety under Hepliaklqana
  3807 | D:3      | Reached skill level 7 in Unarmed Combat
  4059 | D:5      | Entered Level 5 of the Dungeon
  4059 | D:5      | Noticed Menkaure
  4066 | D:5      | Killed Menkaure
  4066 | D:5      | Reached XP level 7. HP: 51/51 MP: 6/6
  4081 | D:5      | Noticed Sigmund
  4498 | D:5      | Reached skill level 8 in Unarmed Combat
  4523 | D:5      | Killed Sigmund
  4533 | D:5      | Reached skill level 9 in Unarmed Combat
  4533 | D:5      | Reached XP level 8. HP: 19/59 MP: 7/7
  4591 | D:5      | Slain by an orc

Skill      XL: |  1  2  3  4  5  6  7 |
---------------+----------------------+-----
Dodging        | 3 4 |  4.1
Unarmed Combat | 4 5 6 7 9 |  9.2
Fighting       | 4 |  4.1
Stealth        | |  2.1
Evocations     | |  0.6

Action                   |  1- 3 |  4- 6 |  7- 9 || total
-------------------------+-------+-------+-------++-------
Melee: Unarmed           |   103 |   193 |    55 ||   351
       Punch             |     5 |     4 |     1 ||    10
Invok: Ancestor Identity |       |     1 |       ||     1
Evoke: Wand              |       |     5 |     2 ||     7
  Use: Scroll            |     5 |    10 |     1 ||    16
       Potion            |     1 |     5 |     1 ||     7
 Stab: Paralysed         |       |     7 |       ||     7
  Eat: Chunk             |     7 |    12 |       ||    19
Armor: Robe              |    30 |    44 |     4 ||    78
Dodge: Dodged            |    79 |   125 |    31 ||   235
